 Dungeon Crawl Stone Soup version 0.29.1-1-gd02db6906a (webtiles) character file.

Game seed: 1559830107030604817

28 karrick the Trooper (level 3, 0/24 HPs)
             Began as a Gargoyle Fighter on Oct 5, 2022.
             Slain by a goblin
             ... wielding a +0 dagger
             ... led by Robin
              (2 damage)
             ... on level 2 of the Dungeon.
             The game lasted 00:02:38 (1109 turns).

karrick the Trooper (Gargoyle Fighter)              Turns: 1109, Time: 00:02:38

Health: 0/24       AC: 10    Str: 19    XL:     3   Next: 14%
Magic:  3/3        EV:  9    Int:  8    God:
Gold:   59         SH:  4    Dex: 11    Spells: 2/2 levels left

rFire   . . .      SeeInvis .   a - +0 flail
rCold   . . .      Faith    .   c - +0 buckler
rNeg    + . .      Spirit   .   b - +0 scale mail
rPois   ∞          Reflect  .   (no helmet)
rElec   +          Harm     .   (no cloak)
rCorr   .          Rampage  .   (no gloves)
Will    .....                   (no boots)
Stlth   ..........              (no amulet)
HPRegen 0.08/turn               (no ring)
MPRegen 0.08/turn               (no ring)

@: mighty
A: sickness immunity, AC +3, negative energy resistance 1, electricity
resistance, torment resistance 1, petrification resistance
a: no special abilities


You were on level 2 of the Dungeon.
You visited 1 branch of the dungeon, and saw 2 of its levels.

You collected 59 gold pieces.

Inventory:

Hand Weapons
 a - a +0 flail (weapon)
 h - a +2 whip of draining
Armour
 b - a +0 scale mail (worn)
 c - a +0 buckler (worn)
Jewellery
 e - a ring of protection from fire
Scrolls
 f - 3 scrolls of identify {unknown}
 i - a scroll of immolation {unknown}
 j - a scroll of teleportation {unknown}
 l - a scroll of enchant weapon {unknown}
Potions
 g - 2 potions of mutation {unknown}
 k - a potion of cancellation {unknown}
 m - a potion of heal wounds {unknown}
 n - a potion of attraction {unknown}


   Skills:
 + Level 3.6 Fighting
 + Level 2.4 Maces & Flails
 + Level 3.6 Armour
 + Level 0.1 Stealth
 + Level 3.6 Shields


You had 2 spell levels left.
You didn't know any spells.
Your spell library was empty.

Dungeon Overview and Level Annotations

Branches:
Dungeon (2/15)

Altars:

Shops:
D:1 [

Annotations:
D:2 Robin


Innate Abilities, Weirdness & Mutations

You are immune to sickness and miasma.
Your stone body is resilient. (AC +3)
You are immune to poison.
You resist negative energy. (rN+)
You are resistant to electric shocks. (rElec)
You are resistant to unholy torment.
You are immune to petrification.


Message History

You kill the goblin!
The goblin hits you with a +0 club. The goblin closely misses you.
You block the hobgoblin's attack. Robin throws the goblin at you!
The goblin hits you but does no damage.
You sock the hobgoblin!
You kill the hobgoblin!
The goblin hits you but does no damage. Robin throws the goblin at you!
You block the goblin's attack. You block the hobgoblin's attack.
The goblin barely misses you.
You closely miss the goblin. The goblin hits you but does no damage.
The goblin hits you with a +0 dagger. The goblin hits you but does no damage.
Robin roars a battlecry!
The goblins go into a battle-frenzy!
The goblin barely misses you. The goblin hits you but does no damage.
The hobgoblin hits you. You block the goblin's attack.
The goblin hits you but does no damage. You block the goblin's attack.
The goblin barely misses you. The hobgoblin completely misses you.
The goblin hits you but does no damage.
You barely miss the goblin.
The goblin hits you but does no damage. x2
The goblin closely misses you. The hobgoblin completely misses you.
The goblin hits you but does no damage. The goblin barely misses you. x2
You hit the goblin.
The goblin is heavily wounded.
The goblin hits you but does no damage. The goblin barely misses you.
The goblin hits you with a +0 club. The goblin closely misses you.
The hobgoblin barely misses you. Robin closely misses you.
You block the goblin's attack. You block the hobgoblin's attack.
The goblin hits you but does no damage.
You feel very mighty all of a sudden. The goblin barely misses you.
The goblin hits you but does no damage. The goblin barely misses you.
The hobgoblin barely misses you. The goblin hits you with a +0 club.
The goblin hits you but does no damage. Robin hits you but does no damage.
The goblin hits you with a +0 dagger. The hobgoblin hits you.
* * * LOW HITPOINT WARNING * * *
You sock the goblin!
You kill the goblin!
The hobgoblin closely misses you. The goblin barely misses you.
The goblin hits you with a +0 dagger.
You die...

.....<#.# ......#.###
..........#
.........(#
..........#
.......g.<# #..ggg$#
...... #g@g.# .......
#g)g.# .......# #....#
.......# ##.###
.......# #..# ......#
#.## ......## #.#
.......# #.#
.......########.######


You could see Robin, 2 hobgoblins and 5 goblins.

Vanquished Creatures
  A giant cockroach (D:1)
  7 hobgoblins
  A quokka (D:1)
  3 ball pythons (D:1)
  4 bats (D:1)
  A frilled lizard (D:1)
  4 goblins
  2 kobolds (D:1)
  4 rats (D:1)
27 creatures vanquished.

Notes
Turn   | Place    | Note
-------+----------+-------------------------------------------
     0 | D:1      | karrick the Gargoyle Fighter began the quest for the Orb.
     0 | D:1      | Reached XP level 1. HP: 14/14 MP: 1/1
     6 | D:1      | Noticed a scorpion
     6 | D:1      | Noticed a wolf
     7 | D:1      | Noticed a salamander
     7 | D:1      | Noticed a komodo dragon
    81 | D:1      | Reached XP level 2. HP: 19/19 MP: 2/2
   366 | D:1      | Found Cayproc's Antique Armour Shop.
   790 | D:1      | Found a faded altar of an unknown god.
   921 | D:1      | Reached XP level 3. HP: 24/24 MP: 3/3
  1100 | D:2      | Noticed Robin
  1109 | D:2      | Slain by a goblin

Illustrated notes

Levels and vault maps discovered:
D:1:      onia_arrival_zoo_common, layout_loops_ring, serial_shops, shop,
          ebering_ecumenical_altar_hall, minmay_statues_item,
          minmay_misc_feat_tiny, st_stairs_9, wad_floor_pattern_2
D:2:      layout_rooms, serial_curves, eino_curves_04, eino_curves_01,
          eino_curves_03, kennysheep_donut, nicolae_figureground_pulse,
          uniq_robin

Action                   || total
-------------------------++-------
Melee: Flail             ||    94
  Use: Potion            ||     1
Armor: Scale mail        ||    86
Dodge: Dodged            ||    66
Block: Buckler           ||    24
